 Dungeon Crawl Stone Soup version 0.29.0-11-gd7f09526c8 (webtiles) character file.

Game seed: 7118360782574561837

46 leavemydog the Conjurer (level 3, 0/19 HPs)
             Began as a Deep Elf Conjurer on Sept 6, 2022.
             Slain by a goblin
             ... wielding a +0 dagger
             ... led by Robin
              (1 damage)
             ... on level 2 of the Dungeon.
             The game lasted 00:01:22 (1165 turns).

leavemydog the Conjurer (Deep Elf Conjurer)         Turns: 1165, Time: 00:01:22

Health: 0/19       AC:  2    Str:  4    XL:     3   Next: 44%
Magic:  2/10       EV: 12    Int: 24    God:
Gold:   31         SH:  0    Dex: 13    Spells: 6/9 levels left

rFire   . . .      SeeInvis .   m - +0 short sword
rCold   . . .      Faith    .   (no shield)
rNeg    . . .      Spirit   .   a - +0 robe
rPois   .          Reflect  .   (no helmet)
rElec   .          Harm     .   (no cloak)
rCorr   .          Rampage  .   (no gloves)
Will    .....                   (no boots)
Stlth   ++........              (no amulet)
HPRegen 0.06/turn               (no ring)
MPRegen 0.12/turn               (no ring)

@: brilliant
A: no striking features
a: no special abilities


You were on level 2 of the Dungeon.
You visited 1 branch of the dungeon, and saw 3 of its levels.

You collected 31 gold pieces.

Inventory:

Hand Weapons
 f - a +0 sling
 m - a +0 short sword (weapon)
Armour
 a - a +0 robe (worn)
 n - a +0 helmet
Scrolls
 c - 3 scrolls of identify {unknown}
 g - a scroll of enchant weapon {unknown}
 i - a scroll of fear {unknown}
 k - a scroll of summoning {unknown}
 l - a scroll of blinking {unknown}
Potions
 b - a potion of magic
 d - a potion of brilliance
 e - a potion of ambrosia {unknown}
 h - 3 potions of might {unknown}
 j - 2 potions of attraction {unknown}


   Skills:
 - Level 2.4 Dodging
 - Level 2.4 Stealth
 + Level 3.6 Spellcasting
 + Level 5.5 Conjurations


You had 6 spell levels left.
You knew the following spells:

 Your Spells              Type           Power      Damage    Failure   Level
a - Magic Dart            Conj           100%       1d8       1%          1
b - Searing Ray           Conj           92%        2d7       1%          2

Your spell library contained the following spells:

 Spells                   Type           Power      Damage    Failure   Level
 Dazzling Flash           Conj/Hex       52%        N/A       10%         3
 Fulminant Prism          Conj/Hex       13%        3d9       32%         4
 Iskenderun's Mystic Bla  Conj/Tloc      26%        2d7       32%         4


Dungeon Overview and Level Annotations

Branches:
Dungeon (3/15)

Altars:


Message History

A goblin comes into view. It is wielding a +0 club.
A hobgoblin comes into view.
The goblin no longer looks unusually strong.
A quokka comes into view.
The hobgoblin hits you but does no damage.
Things that are here:
a +0 dagger; a +0 animal skin; the hobgoblin corpse of Robin The goblin shouts! x2
You hit the hobgoblin.
You kill the hobgoblin!
You hit the goblin.
The goblin is moderately wounded.
The goblin misses you.
The hobgoblin hits you but does no damage.
You closely miss the hobgoblin.
The goblin no longer looks unusually strong.
The goblin hits you with a +0 dagger. The hobgoblin closely misses you.
You closely miss the hobgoblin.
The goblin shouts!
The goblin hits you with a +0 dagger. The hobgoblin closely misses you.
You hit the hobgoblin.
The hobgoblin is lightly wounded.
The hobgoblin closely misses you. The goblin hits you with a +0 dagger.
You hit the hobgoblin but do no damage.
The hobgoblin is lightly wounded.
The hobgoblin barely misses you. The goblin misses you.
You hit the hobgoblin.
The hobgoblin is heavily wounded.
The hobgoblin hits you. The goblin hits you with a +0 dagger.
The goblin closely misses you. The hobgoblin barely misses you.
You completely miss the hobgoblin.
The hobgoblin is heavily wounded.
The goblin hits you with a +0 dagger.
* * * LOW HITPOINT WARNING * * *
The hobgoblin hits you.
* * * LOW HITPOINT WARNING * * *
It was a potion of brilliance.
You feel clever all of a sudden. The goblin hits you with a +0 dagger.
You die...

#.# #$# #.# ..#
#.##### ..# ##.
#.....# ..##...
#.....#
.....########?....#
.....grggg@g......#
...$.g#######)....#
##......# #.....†..#
##............##...>.#
#..#.....#### #)#####
#.## #...# #.# ##.# #
..# #.# ##..##.# # ...
##......## ..


You could see a quokka, a hobgoblin and 5 goblins.

Vanquished Creatures
  Robin (D:2)
  A dart slug (D:1)
  6 bats
  8 goblins
  5 hobgoblins
  2 jackals (D:1)
  A kobold (D:2)
  2 ball pythons
  A frilled lizard (D:1)
  3 rats
30 creatures vanquished.

Notes
Turn   | Place    | Note
-------+----------+-------------------------------------------
     0 | D:1      | leavemydog the Deep Elf Conjurer began the quest for the
                  | Orb.
     0 | D:1      | Reached XP level 1. HP: 10/10 MP: 6/6
   257 | D:1      | Reached XP level 2. HP: 15/15 MP: 6/8
   260 | D:1      | Learned a level 2 spell: Searing Ray
   667 | D:1      | Reached skill level 5 in Conjurations
  1098 | D:2      | You fall into a shaft and drop 1 floor!
  1111 | D:2      | Reached XP level 3. HP: 19/19 MP: 7/9
  1139 | D:2      | Noticed Robin
  1145 | D:2      | Killed Robin
  1165 | D:2      | Slain by a goblin

Illustrated notes

Levels and vault maps discovered:
D:1:      lemuel_arrival_rhombus, layout_basic
D:2:      layout_rooms, uniq_robin, uniq_jessica
D:3:      layout_basic, mainiacjoe_overflow_boulevard,
          ebering_ecumenical_altar_hall, chequers_serial_rivers_micro_c

Skill      XL: |  1  2 |
---------------+-------+-----
Conjurations   | 5 |  5.5
Dodging        | |  2.4
Stealth        | |  2.4
Spellcasting   | |  3.6

Action                   || total
-------------------------++-------
Melee: Short sword       ||     8
 Cast: Magic Dart        ||    49
       Searing Ray       ||     1
  Use: Potion            ||     1
Armor: Robe              ||     3
Dodge: Dodged            ||    10
